AoeStats
← Oldspice

Arena

504651355Analyzed
4v4 RM · 27d ago on Sep 6, 2026· 50m 35s· 8 players
Game mode
Random Map
Map size
Large (8 player)
Population
200
Speed
Normal
Resources
Standard
Victory
Conquest
Starting age
Dark Age
Ending age
Imperial Age
RankedLock teamsTeams togetherTeam positionsShared explorationLock speedFull tech treeHidden civsTurbo modeCheats
Victory
Defeat
🇨🇳 Britons · China
1466
+17
🇨🇳 Mongols · China
1406
+19
🇺🇸 Magyars · United States
1373
+21
🇨🇳 Teutons · China
1369
+21
🇺🇸 Bohemians · United States
1527
-21
🇺🇸 Mongols · United States
1503
-20
🇨🇦 Persians · Canada
1459
-19
🇲🇽 Poles · Mexico
1436
-18
_The_Lion
9:38 Feudal Age
13:55 Castle Age
12:15 Double-Bit Axe
13:28 Horse Collar
19:32 Bow Saw
23:13 Wheelbarrow
23:40 Stone Mining
23:40 Gold Mining
25:08 Heavy Plow
26:14 Gold Mining
27:09 Stone Shaft Mining
29:32 Imperial Age
27:11 Loom
27:41 Hand Cart
28:47 Scale Barding Armor
28:53 Forging
29:41 Gold Shaft Mining
30:16 Chain Barding Armor
30:27 Bloodlines
30:18 Husbandry
31:17 Crop Rotation
31:50 Two-Man Saw
30:17 Cavalier
31:57 Conscription
30:58 Elite War Elephant
32:59 Plate Barding Armor
33:00 Iron Casting
32:15 Savar
34:50 Light Cavalry
36:38 Hoardings
36:20 Masonry
36:51 Fletching
37:33 Architecture
37:25 Ballistics
38:06 Chemistry
37:23 Citadels
38:42 Bodkin Arrow
39:50 Blast Furnace
39:19 Hussar
Eat_Rice
10:42 Feudal Age
14:55 Castle Age
13:20 Double-Bit Axe
16:24 Bow Saw
17:10 Gold Mining
18:08 Loom
25:30 Fletching
27:16 Gold Shaft Mining
29:35 Wheelbarrow
28:43 Horse Collar
35:13 Imperial Age
34:21 Hand Cart
36:26 Drill
35:56 Onager
38:55 Drill
40:31 Conscription
YuF
11:49 Feudal Age
15:45 Castle Age
13:42 Horse Collar
15:09 Double-Bit Axe
16:45 Wheelbarrow
17:16 Heavy Plow
19:38 Bow Saw
19:55 Stone Mining
22:19 Hand Cart
23:38 Stone Shaft Mining
26:47 Gold Mining
30:28 Imperial Age
28:47 Town Watch
29:21 Szlachta Privileges
29:20 Fletching
29:45 Forging
29:58 Town Patrol
31:10 Husbandry
31:20 Bloodlines
31:54 Crop Rotation
30:52 Cavalier
32:13 Scale Barding Armor
32:44 Iron Casting
32:47 Conscription
33:48 Chain Barding Armor
34:30 Blast Furnace
34:25 Bodkin Arrow
35:37 Chemistry
35:52 Scale Mail Armor
37:42 Siege Engineers
37:08 Light Cavalry
39:36 Ballistics
39:35 Bracer
39:22 Loom
Oldspice
10:03 Feudal Age
14:42 Castle Age
12:59 Double-Bit Axe
13:19 Horse Collar
15:54 Bow Saw
20:07 Loom
22:31 Wheelbarrow
28:25 Imperial Age
26:33 Hand Cart
27:32 Chemistry
27:05 Scale Mail Armor
27:15 Forging
26:53 Loom
27:23 Hand Cart
27:26 Town Watch
28:16 Chain Mail Armor
28:32 Ballistics
27:37 Pikeman
28:18 Squires
29:05 Houfnice
30:07 Halberdier
31:35 Wagenburg Tactics
32:39 Plate Mail Armor
34:22 Iron Casting
34:50 Conscription
35:26 Fortified Wall
41:18 Elite Hussite Wagon
44:00 Siege Engineers
50:03 Blast Furnace
牛比无极限
9:05 Feudal Age
14:01 Castle Age
12:24 Horse Collar
13:53 Double-Bit Axe
18:53 Loom
21:59 Wheelbarrow
27:13 Heavy Plow
27:28 Bow Saw
27:53 Hand Cart
30:33 Imperial Age
27:49 Town Watch
28:27 Ballistics
28:00 Fletching
28:11 Padded Archer Armor
29:27 Gold Mining
29:32 Stone Mining
29:43 Bodkin Arrow
30:04 Leather Archer Armor
30:32 Thumb Ring
30:40 Bloodlines
30:31 Husbandry
31:17 Bracer
31:41 Conscription
30:47 Elite Mangudai
31:50 Scale Barding Armor
31:56 Forging
32:16 Parthian Tactics
33:38 Gold Shaft Mining
33:42 Stone Shaft Mining
34:12 Chemistry
33:34 Chain Barding Armor
33:29 Light Cavalry
34:49 Iron Casting
35:56 Caravan
37:32 Blast Furnace
36:31 Murder Holes
36:13 Hussar
37:05 Capped Ram
39:36 Coinage
38:33 Siege Ram
42:01 Drill
44:49 Banking
48:06 Heavy Camel Rider
黑石塔
11:03 Feudal Age
14:49 Castle Age
13:11 Double-Bit Axe
13:11 Horse Collar
15:52 Wheelbarrow
18:31 Loom
22:39 Bow Saw
22:41 Heavy Plow
24:50 Gold Mining
24:51 Stone Mining
25:31 Hand Cart
28:43 Imperial Age
27:07 Town Watch
28:11 Stone Shaft Mining
28:23 Padded Archer Armor
28:25 Scale Mail Armor
28:35 Forging
27:48 Pikeman
28:28 Squires
28:14 Arson
29:26 Leather Archer Armor
30:37 Chemistry
30:00 Halberdier
31:32 Chain Mail Armor
31:53 Iron Casting
31:42 Conscription
31:43 Crenellations
33:43 Plate Mail Armor
38:17 Ring Archer Armor
38:48 Blast Furnace
44:19 Fletching
47:37 Siege Engineers
47:53 Ballistics
47:23 Guard Tower
48:12 Redemption
49:18 Block Printing
49:29 Illumination
49:27 Caravan
chillysloth
11:04 Feudal Age
15:15 Castle Age
13:23 Double-Bit Axe
13:28 Horse Collar
16:39 Bow Saw
21:21 Wheelbarrow
23:17 Hand Cart
22:56 Gold Mining
22:57 Stone Mining
29:53 Imperial Age
27:26 Stone Mining
28:11 Gold Shaft Mining
27:34 Fletching
27:45 Padded Archer Armor
28:27 Ballistics
28:35 Treadmill Crane
29:15 Thumb Ring
29:23 Bloodlines
29:13 Husbandry
29:35 Bodkin Arrow
29:55 Leather Archer Armor
29:55 Masonry
30:51 Corvinian Army
32:03 Chemistry
31:30 Parthian Tactics
31:42 Conscription
31:24 Recurve Bow
31:25 Bracer
31:55 Ring Archer Armor
31:22 Loom
31:23 Town Watch
32:38 Scale Barding Armor
32:31 Elite Magyar Huszar
34:33 Chain Barding Armor
34:13 Heavy Cavalry Archer
36:04 Plate Barding Armor
37:21 Siege Engineers
42:27 Two-Man Saw
47:30 Caravan
51:00 Heavy Plow
王德发
9:53 Feudal Age
13:49 Castle Age
15:28 Fletching
17:05 Bodkin Arrow
22:52 Loom
24:15 Crossbowman
26:10 Ballistics
27:37 Padded Archer Armor
31:47 Imperial Age
31:53 Town Watch
32:50 Bracer
33:43 Wheelbarrow
34:01 Leather Archer Armor
33:59 Arbalester
35:11 Gold Mining
35:11 Stone Mining
37:25 Chemistry
37:16 Ring Archer Armor
36:46 Pikeman
37:26 Squires
37:14 Arson
38:23 Yeomen
37:48 Halberdier
38:56 Scale Mail Armor
39:06 Forging
39:11 Horse Collar
42:42 Chain Mail Armor
43:02 Iron Casting
42:24 Capped Ram
42:46 Elite Longbowman
43:47 Conscription
43:40 Gambesons
46:43 Plate Mail Armor
47:13 Blast Furnace
46:47 Plate Mail Armor
45:59 Man-at-Arms
46:52 Long Swordsman
Connection lost

Rejoining the realm…

Still unreachable

The connection could not be restored.

Session expired

The server has moved on; the page needs a fresh start.